 Dungeon Crawl Stone Soup version 0.17-a0-2127-g1cb09f6 (webtiles) character file.

91 SlimeFever the Sneak (level 4, 0/30 HPs)
             Began as a Vampire Enchanter on Oct 22, 2015.
             Slain by a phantom (7 damage)
             ... on level 3 of the Dungeon.
             The game lasted 00:23:41 (2466 turns).

SlimeFever the Sneak (Vampire Enchanter)            Turns: 2466, Time: 00:23:41

Health: 0/30       AC:  3    Str:  7    XL:     4   Next: 33%
Magic:  6/8        EV: 12    Int: 17    God:
Gold:   123        SH:  0    Dex: 15    Spells: 3 memorised, 2 levels left

rFire  . . .     SeeInvis +     a - +1 dagger
rCold  + + .     Clarity  .     u - +0 leather armour {rC+}
rNeg   + + .     SustAt   .     (no shield)
rPois  +         Gourm    .     (no helmet)
rElec  .         Spirit   .     (no cloak)
rCorr  .         Warding  .     (no gloves)
rMut   .         Stasis   .     (no boots)
MR     .....                    (no amulet)
Stlth  +++.......               (no ring)
                                b - ring of see invisible

@: regenerating slowly, not resistant to hostile enchantments, fairly stealthy
A: fangs 3, see invisible, unbreathing
a: Bat Form


You were on level 3 of the Dungeon.
You were thirsty.

You visited 1 branch of the dungeon, and saw 3 of its levels.

You collected 123 gold pieces.

Inventory:

Hand Weapons
 a - a +1 dagger (weapon)
 r - a +0 short sword
Missiles
 g - 3 needles of confusion
 h - 30 poisoned needles
 k - 31 sling bullets
 l - 29 bolts
 o - 2 javelins (quivered)
Armour
 j - a +0 ring mail
 u - a +0 leather armour of cold resistance (worn)
Jewellery
 b - a ring of see invisible (left hand)
Scrolls
 e - a scroll of remove curse
 n - a scroll of identify
 s - a scroll of teleportation
Potions
 f - a potion of cancellation
 i - a potion of curing
 m - a potion of ambrosia
 p - a potion of haste
 q - a potion of brilliance
 t - a potion of might {unknown}
Books
 c - a book of Maledictions

   Spells                             Type                      Level
   a - Corona                         Hexes                        1
   b - Ensorcelled Hibernation        Hexes/Ice                    2
   c - Confuse                        Hexes                        3
   d - Tukima's Dance                 Hexes                        3
   e - Dazzling Spray                 Conjuration/Hexes            3


   Skills:
 + Level 0.1 Fighting
 * Level 1.9 Short Blades
 + Level 0.1 Throwing
 * Level 1.1 Armour
 + Level 2.5 Dodging
 + Level 5.2 Stealth
 + Level 2.7 Spellcasting
 + Level 4.8 Hexes
 + Level 0.2 Ice Magic


You had 2 spell levels left.
You knew the following spells:

 Your Spells              Type           Power        Failure   Level  Hunger
a - Corona                Hex            ###....      4%          1    #......
b - Ensorcelled Hibernat  Hex/Ice        ##....       17%         2    ##.....
c - Tukima's Dance        Hex            ###.....     14%         3    ###....


Dungeon Overview and Level Annotations

Branches:
Dungeon (3/15)

Altars:
Ashenzari
Ru
Xom
Zin


Innate Abilities, Weirdness & Mutations

You heal slowly.
You have razor-sharp teeth.
You have supernaturally acute eyesight.
You can survive without breathing.


Message History

Aim: a phantom (moderately damaged, chance to defeat MR: 38%)
The phantom resists with significant effort.
You hit the phantom but do no damage.
The phantom is moderately damaged.
The phantom hits you.
* * * LOW HITPOINT WARNING * * *
The phantom blinks!
Casting: Corona
Confirm with . or Enter, or press ? or * to list all spells.
Aiming: Corona
Press: ? - help, Shift-Dir - straight line, f/p - phantom
Aim: a phantom (moderately damaged, chance to defeat MR: 38%)
The phantom is outlined in light.
You hit the phantom but do no damage. You bite the phantom, but do no damage.
The phantom is moderately damaged.
The phantom hits you but does no damage.
You barely miss the phantom.
The phantom is moderately damaged.
The phantom hits you!
You die...

#..............#
#..#######.#..##..
#..# ### #.#..##..
#..#######...(....
#..W.._W.'.....#..
##.###.###........
#.# #)# #........
#.###+###.....8..
#...@W..........#
###.####.......##
#.............#
######.....K8..
#..).....#
####..#.## #....#
..8..


You could see a phantom.

Vanquished Creatures
  2 adders
  3 worms (D:2)
  3 giant geckos
  2 orcs (D:3)
  A ball python (D:3)
  4 bats
  A giant cockroach (D:1)
  6 goblins
  5 hobgoblins
  9 jackals
  8 kobolds
  3 giant newts
  10 rats
57 creatures vanquished.

Notes
Turn   | Place    | Note
--------------------------------------------------------------
     0 | D:1      | SlimeFever the Vampire Enchanter began the quest for the Orb.
     0 | D:1      | Reached XP level 1. HP: 13/13 MP: 3/3
   120 | D:1      | Reached XP level 2. HP: 11/19 MP: 1/5
   124 | D:1      | Learned a level 2 spell: Ensorcelled Hibernation
   899 | D:2      | Reached XP level 3. HP: 21/24 MP: 3/6
  1227 | D:2      | Reached skill level 5 in Stealth
  1286 | D:2      | Found a shimmering altar of Xom.
  1384 | D:2      | Found a glowing silver altar of Zin.
  1738 | D:3      | Reached skill level 1 in Armour
  1738 | D:3      | Reached XP level 4. HP: 30/30 MP: 3/7
  1744 | D:3      | Learned a level 3 spell: Tukima's Dance
  1876 | D:3      | Noticed a phantom
  2321 | D:3      | Found a shattered altar of Ashenzari.
  2371 | D:3      | Found a sacrificial altar of Ru.
  2466 | D:3      | Slain by a phantom

Vault maps used:
D:1:      minmay_arrival_open_corners, serial_glass, glass_columns_a,
          glass_columns_b, glass_columns_c, glass_columns_b, glass_columns_a,
          glass_columns_c
D:2:      lemuel_crystal_altar, xom_teletrap_fun
D:3:      lemuel_doored_altar, first_bread, minmay_misc_feat_four_crosses,
          evilmike_ruin_ashenzari

Action                   |  1- 3 |  4- 6 || total
-------------------------+-------+-------++-------
Melee: Dagger            |   112 |    59 ||   171
Throw: Javelin           |    10 |     5 ||    15
 Cast: Corona            |    26 |    14 ||    40
       Ensorcelled Hiber |     7 |     3 ||    10
 Abil: End Transformatio |       |     1 ||     1
       Bat Form          |       |     1 ||     1
  Use: Scroll            |     7 |     2 ||     9
 Stab: Sleeping          |    11 |     4 ||    15
  Eat: Corpse            |     3 |     2 ||     5
